 Dungeon Crawl Stone Soup version 0.19-a0-805-g0a78ef0 (webtiles) character file.

398 Etesian the Shield-Bearer (level 7, -3/55 HPs)
             Began as a Formicid Fighter on June 27, 2016.
             Was an Initiate of Yredelemnul.
             Slain by an ice beast (10 damage)
             ... on level 4 of the Dungeon.
             The game lasted 00:05:20 (2747 turns).

Etesian the Shield-Bearer (Formicid Fighter)        Turns: 2747, Time: 00:05:22

Health: -3/55      AC: 13    Str: 20    XL:     7   Next: 10%
Magic:  8/8        EV: 11    Int:  8    God:    Yredelemnul [......]
Gold:   223        SH: 10    Dex: 17    Spells: 0 memorised, 6 levels left

rFire  . . .     SeeInvis +     a - +0 trident
rCold  . . .     Gourm    .     q - +0 chain mail
rNeg   . . .     Faith    .     c - +0 shield
rPois  .         Spirit   .     (helmet unavailable)
rElec  .         Dismiss  .     (no cloak)
rCorr  .         Reflect  .     (no gloves)
SustAt .         Harm     .     (no boots)
MR     .....                    (no amulet)
Stlth  ..........               (no ring)
                                s - +4 ring of protection

@: agile, not resistant to hostile enchantments, extremely unstealthy
A: permanent stasis, dig shafts and tunnels, four strong arms, antennae 3
a: Dig, Shaft Self, Renounce Religion


You were on level 4 of the Dungeon.
You worshipped Yredelemnul.
Yredelemnul was noncommittal.
You were very hungry.

You visited 1 branch of the dungeon, and saw 4 of its levels.

You collected 223 gold pieces.

Inventory:

Hand Weapons
 a - a +0 trident (weapon)
Missiles
 i - 3 tomahawks (quivered)
Armour
 c - a +0 shield (worn)
 q - a +0 chain mail (worn)
Jewellery
 s - a +4 ring of protection (left hand)
Potions
 b - a potion of lignification
 d - 2 potions of might
 e - a potion of magic
 g - a potion of ambrosia {unknown}
 h - 2 potions of curing
 j - 2 potions of flight {unknown}
 l - a potion of haste {unknown}
 r - a potion of agility
Comestibles
 f - a bread ration


   Skills:
 + Level 4.3 Fighting
 * Level 4.6 Polearms
 + Level 4.3 Armour
 + Level 5.0 Shields
 + Level 2.6 Invocations


You had 6 spell levels left.
You didn't know any spells.

Dungeon Overview and Level Annotations

Branches:
Dungeon (4/15)
 Temple: D:4-7

Altars:
Hepliaklqana
Sif Muna
Xom
Yredelemnul


Innate Abilities, Weirdness & Mutations

You are under a permanent stasis effect.
You can dig through walls and to a lower floor.
Your four strong arms can wield two-handed weapons with a shield.
You have a pair of large antennae on your head. (SInv)


Message History

You feel agile all of a sudden. You block the ice beast's attack.
You are too injured to fight recklessly!
You closely miss the ice beast. You block the ice beast's attack.
You hit the ice beast but do no damage.
The ice beast hits you but does no damage.
You hit the ice beast but do no damage. You block the ice beast's attack.
You hit the ice beast but do no damage. You block the ice beast's attack.
Your shield and chain mail prevent you from hitting the ice beast.
The ice beast hits you but does no damage.
You hit the ice beast but do no damage. You block the ice beast's attack.
You hit the ice beast but do no damage.
The ice beast hits you but does no damage.
You puncture the ice beast!
The ice beast is moderately wounded.
The ice beast closely misses you. The ice beast hits you.
* * * LOW HITPOINT WARNING * * *
The ice beast freezes you!
You die...
Your body rises from the dead as a mindless zombie.

#.#.......#
#.#.......#
#.#.......#
#.........#
##........#
#........#
#o#+######
#Y#.#
#@#.####
#.#....#
#...##.#
##..##.#
#..>##.#
######.# #.#
#.# ##
#.##########.


You could see an ice beast and an orc wizard (invisible).

Vanquished Creatures
  A phantom (D:4)
  An ogre (D:4)
  A howler monkey (D:4)
  A giant frog skeleton (D:4)
  Natasha (D:3)
  A worker ant (D:3)
  Robin (D:1)
  2 adders
  2 oozes
  2 worms
  2 dart slugs
  2 orcs
  A ball python (D:2)
  5 bats
  A giant cockroach (D:3)
  2 gnoll zombies (D:2)
  7 hobgoblins
  5 jackals (D:2)
  4 kobolds
  A quokka (D:3)
  3 giant newts
  15 goblins
  A jackal zombie (D:3)
  6 rats
68 creatures vanquished.

Notes
Turn   | Place    | Note
--------------------------------------------------------------
     0 | D:1      | Etesian the Formicid Fighter began the quest for the Orb.
     0 | D:1      | Reached XP level 1. HP: 18/18 MP: 1/1
   101 | D:1      | Reached XP level 2. HP: 23/24 MP: 2/2
   432 | D:2      | Reached XP level 3. HP: 29/29 MP: 3/3
   456 | D:2      | Reached skill level 4 in Shields
   801 | D:2      | Found a shimmering altar of Xom.
  1108 | D:2      | Noticed Robin
  1113 | D:2      | Reached XP level 4. HP: 36/36 MP: 4/4
  1293 | D:1      | Killed Robin
  1434 | D:2      | Found a basalt altar of Yredelemnul.
  1507 | D:2      | Found a deep blue altar of Sif Muna.
  1571 | D:2      | Became a worshipper of Yredelemnul the Dark
  1711 | D:3      | Found a hazy altar of Hepliaklqana.
  1746 | D:3      | Found a faded altar of an unknown god.
  2024 | D:3      | Reached XP level 5. HP: 42/42 MP: 5/5
  2182 | D:3      | Noticed Natasha
  2199 | D:3      | Killed Natasha
  2199 | D:3      | Reached skill level 1 in Invocations
  2648 | D:4      | Noticed a phantom
  2677 | D:4      | Killed a phantom
  2677 | D:4      | Reached XP level 6. HP: 41/48 MP: 7/7
  2686 | D:4      | Noticed an ogre
  2694 | D:4      | Noticed an ice beast
  2712 | D:4      | Killed an ogre
  2712 | D:4      | Reached skill level 5 in Shields
  2712 | D:4      | Reached XP level 7. HP: 17/55 MP: 8/8
  2747 | D:4      | Slain by an ice beast

Vault maps used:
D:1:      lightli_arrival_noodles, minivault_23
D:2:      led_sif_pool, lemuel_zombie_altar_yredelemnul,
          overflow_temple_1_default, uniq_robin
D:3:      lemuel_crystal_altar, ecumenical_altar_1, corexii_leaking_fountain,
          serial_bayou_lagoon_a, uniq_natasha
D:4:      first_bread, uniq_edmund

Skill      XL: |  1  2  3  4  5  6 |
---------------+-------------------+-----
Shields        | 4 5 |  5.0
Polearms       | 3 4 |  4.6
Invocations    | 2 |  2.6
Armour         | 4 |  4.3
Fighting       | 4 |  4.3

Action                   |  1- 3 |  4- 6 |  7- 9 || total
-------------------------+-------+-------+-------++-------
Melee: Trident           |    93 |   172 |    14 ||   279
Throw: Tomahawk          |       |     5 |       ||     5
  Use: Scroll            |     2 |     5 |       ||     7
       Potion            |       |       |     1 ||     1
  Eat: Chunk             |     1 |     4 |       ||     5
Armor: Scale mail        |    28 |    20 |       ||    48
       Chain mail        |       |    54 |     4 ||    58
Dodge: Dodged            |    22 |    40 |     2 ||    64
Block: Shield            |    47 |    78 |     5 ||   130
